 Dungeon Crawl Stone Soup version 0.17-a0-119-g2b06fc5 (webtiles) character file.

8141 aronpayne the Cleaver (level 11, -7/87 HPs)
             Began as a Demonspawn Berserker on Mar 20, 2015.
             Was a High Priest of Trog.
             Mangled by an orc warrior
             ... wielding a +0 hand axe
              (11 damage)
             ... on level 10 of the Dungeon.
             The game lasted 00:45:16 (8651 turns).

aronpayne the Cleaver (Demonspawn Berserker)        Turns: 8651, Time: 00:45:17

Health: -7/87      AC: 19    Str: 26      XL:     11   Next: 6%
Magic:  3/3        EV: 21    Int:  8      God:    Trog [*****.]
Gold:   539        SH:  0    Dex: 17 (18) Spells: 0 memorised, 10 levels left

rFire  + . .     SeeInvis +     I - +2 battleaxe (antimagic)
rCold  . . .     Clarity  .     A - +2 chain mail {rF+}
rNeg   . . .     SustAb   .     (no shield)
rPois  .         Gourm    .     v - +0 hat {SInv}
rElec  .         Spirit   .     D - +0 cloak
rCorr  .         Warding  .     i - +0 pair of gloves
rMut   .         Stasis   .     (no boots)
MR     .....                    (no amulet)
Stlth  ..........               J - +4 ring of evasion
                                E - ring of flight

@: mighty, agile, not resistant to hostile enchantments, extremely unstealthy
A: claws 2, iridescent scales 1, powered by pain 1, spiny 1
a: Burn Spellbooks, Berserk, Trog's Hand, Brothers in Arms, Renounce Religion,
Evoke Flight


You were on level 10 of the Dungeon.
You worshipped Trog.
Trog was extremely pleased with you.
You were near starving.

You visited 1 branch of the dungeon, and saw 10 of its levels.

You collected 539 gold pieces.

Inventory:

Hand weapons
 z - the +3 war axe "Beetlebane" {chop, Int+4}
   (You found it on level 6 of the Dungeon)

   It inflicts extra damage upon your enemies.
   It affects your intelligence (+4).
 I - a +2 antimagic battleaxe (weapon)
Missiles
 y - 7 poisoned javelins (quivered)
Armour
 i - a +0 pair of gloves (worn)
 v - a +0 hat of see invisible (worn)
 A - a +2 chain mail of fire resistance (worn)
 D - a +0 cloak (worn)
Jewellery
 E - a ring of flight (left hand)
 F - an uncursed ring of stealth
 J - a +4 ring of evasion (right hand)
Scrolls
 f - 12 scrolls of identify {unknown}
 g - 5 scrolls of remove curse
 j - 3 scrolls of teleportation {unknown}
 k - 2 scrolls of magic mapping {unknown}
 l - a scroll of recharging {unknown}
 m - 2 scrolls of noise {unknown}
 n - 4 scrolls of enchant weapon {unknown}
 t - 3 scrolls of amnesia {unknown}
 u - 2 scrolls of enchant armour {unknown}
 L - a scroll of fear {unknown}
 N - a scroll of random uselessness {unknown}
Potions
 a - 3 potions of agility
 b - a potion of poison {unknown}
 d - 4 potions of brilliance {unknown}
 e - 4 potions of curing {unknown}
 h - a potion of experience {unknown}
 o - a potion of ambrosia {unknown}
 p - 2 potions of degeneration {unknown}
 q - a potion of beneficial mutation {unknown}
 r - 3 potions of haste {unknown}
 s - 4 potions of heal wounds {unknown}
 w - a potion of mutation {unknown}
 x - a potion of berserk rage {unknown}
 G - a potion of flight {unknown}
Comestibles
 c - 9 bread rations
 C - 6 beef jerkies
 H - a slice of pizza
 M - a meat ration


   Skills:
 + Level 8.5 Fighting
 + Level 10.2 Axes
 - Level 0.1 Throwing
 + Level 8.7 Armour
 + Level 5.3 Dodging
 - Level 1.0 Stealth


You had 10 spell levels left.
You didn't know any spells.

Dungeon Overview and Level Annotations

Branches:
Dungeon (10/15)            Temple (0/1) D:7
   Lair: D:8-11         Orc: D:9-12

Altars:
Dithmenos
Elyvilon
Kikubaaqudgha
Beogh

Shops:
D:4 =


Innate Abilities, Weirdness & Mutations

You have very sharp fingernails.
You are partially covered in iridescent scales (AC +4).
You sometimes gain a little power by taking damage.
You are partially covered in sharp spines.


Message History

The orc warrior completely misses you.
You slash the orc knight!!
The orc knight is moderately wounded.
You barely miss the orc warrior. The orc knight completely misses you.
The orc warrior hits you with a hand axe!
* * * LOW HITPOINT WARNING * * *
You focus on the pain.
You feel very mighty all of a sudden.
You slice the orc knight!!!
You kill the orc knight!
Trog accepts your kill.
You hit the orc warrior but do no damage.
The orc warrior completely misses you.
You slash the orc!!
You kill the orc!
Trog accepts your kill.
You slash the orc warrior!
The orc warrior is heavily wounded.
The orc warrior hits you with a hand axe!
You die...

....###### #...###.###.### .####
#.###>...>....< ##
######.#...#####.##( #
####.........## #..).
###########....##.###.## ##..##
............####..#...# #..##
....######### #.....########.####
.<..# ##o)######.......... ....##
##..@# #..#.##.##.# ###..#
###..#.#####.#..#.....#
###.######....................##
##..............#####.##.##....##
................###...##.#.....)#
####....#####.#..........^......#
........#####.###...#....##....##
.....>.....##.###.##..#####....#
.......###........#..## #....#


You could see an orc warrior (frenzied).

Vanquished Creatures
  The ghost of Sabsy the Spear-Bearer, a powerful HOCK of Xom (D:9)
  An orc knight (D:10)
  A troll (D:9)
  Grinder (D:6)
  A two-headed ogre (D:9)
  A deep elf mage (D:10)
  A wraith (D:10)
  2 hungry ghosts (D:10)
  6 yaks (D:9)
  2 hippogriffs (D:9)
  Edmund (D:6)
  4 orc warriors (D:10)
  A soldier ant (D:10)
  2 sky beasts
  3 ice beasts
  2 black bears
  A phantom (D:8)
  10 ogres
  Duvessa (D:6)
  3 centaurs
  6 giant frogs
  A big kobold (D:9)
  3 scorpions
  8 hounds
  Dowan (D:6)
  5 crimson imps
  A quasit (D:7)
  A centaur zombie (D:9)
  3 goliath beetles
  A giant frog zombie (D:8)
  5 orc priests
  3 jellies
  A giant frog skeleton (D:9)
  12 orc wizards
  An iguana (D:9)
  Natasha (twice) (D:6)
  2 killer bee zombies
  A worker ant (D:7)
  A worker ant zombie (D:10)
  7 adders
  7 gnolls
  6 shadow imps
  3 worms
  2 adder skeletons
  An adder zombie (D:6)
  5 giant geckos
  38 orcs
  A bat zombie (D:3)
  7 giant cockroaches
  12 goblins
  19 hobgoblins
  12 jackals
  18 kobolds
  8 bats
  10 giant newts
  2 quokkas (D:7)
  18 rats
  2 rat zombies (D:3)
  A ballistomycete (D:7)
282 creatures vanquished.

Vanquished Creatures (others)
  A giant spore (D:7)
1 creature vanquished.

Grand Total: 283 creatures vanquished

Notes
Turn   | Place    | Note
--------------------------------------------------------------
     0 | D:1      | aronpayne, the Demonspawn Berserker, began the quest for the Orb.
     0 | D:1      | Reached XP level 1. HP: 18/18 MP: 1/1
   344 | D:1      | Gained mutation: You are partially covered in iridescent scales (AC +4). [demonic ancestry]
   344 | D:1      | Reached XP level 2. HP: 22/24 MP: 2/2
   547 | D:2      | Gained mutation: You have sharp fingernails. [demonic ancestry]
   547 | D:2      | Reached XP level 3. HP: 21/29 MP: 3/3
   614 | D:2      | Acquired Trog's second power
   800 | D:2      | Reached XP level 4. HP: 14/36 MP: 4/4
  1855 | D:3      | Reached XP level 5. HP: 42/42 MP: 5/5
  2333 | D:3      | Found an ancient bone altar of Kikubaaqudgha.
  2498 | D:3      | Reached skill level 4 in Fighting
  2673 | D:4      | Found Qiaref's Jewellery Boutique.
  2784 | D:4      | HP: 2/42 [poisoned by a kobold]
  2792 | D:4      | HP: 2/42 [poisoned by a kobold]
  3410 | D:4      | Noticed an ogre
  3419 | D:4      | Killed an ogre
  3419 | D:4      | Gained mutation: You are partially covered in sharp spines. [demonic ancestry]
  3419 | D:4      | Reached XP level 6. HP: 48/48 MP: 6/6
  3568 | D:4      | Received a gift from Trog
  3671 | D:4      | Noticed an ogre
  3674 | D:4      | Killed an ogre
  3877 | D:5      | Entered Level 5 of the Dungeon
  3985 | D:5      | Acquired Trog's third power
  3985 | D:5      | Received a gift from Trog
  3997 | D:5      | Reached XP level 7. HP: 38/55 MP: 7/7
  4186 | D:5      | Found a shadowy altar of Dithmenos.
  4364 | D:5      | Reached skill level 5 in Axes
  4364 | D:5      | Reached skill level 5 in Armour
  4389 | D:5      | Reached skill level 5 in Fighting
  4389 | D:5      | Reached skill level 1 in Stealth
  4633 | D:6      | Noticed Natasha
  4636 | D:6      | Noticed Edmund
  4645 | D:6      | Killed Natasha
  4646 | D:6      | Killed Edmund
  4646 | D:6      | Reached XP level 8. HP: 62/62 MP: 8/8
  4743 | D:6      | Found a white marble altar of Elyvilon.
  4749 | D:6      | Noticed Grinder
  4756 | D:6      | Killed Grinder
  4756 | D:6      | Reached skill level 6 in Armour
  4814 | D:6      | Got a shimmering war axe
  4815 | D:6      | Identified the +3 war axe "Beetlebane" {chop, Int+4} (You found it on level 6 of the Dungeon)
  5022 | D:6      | Noticed Duvessa
  5023 | D:6      | Noticed Dowan
  5029 | D:6      | Killed Duvessa
  5034 | D:6      | Killed Dowan
  5466 | D:6      | Noticed Natasha
  5470 | D:6      | Killed Natasha
  6063 | D:7      | Gained mutation: You sometimes gain a little power by taking damage. [demonic ancestry]
  6063 | D:7      | Reached XP level 9. HP: 67/69 MP: 9/9
  6153 | D:7      | Found a staircase to the Ecumenical Temple.
  6186 | D:7      | Reached skill level 7 in Armour
  7396 | D:9      | Reached skill level 8 in Axes
  7405 | D:9      | Gained mutation: You have very sharp fingernails. [demonic ancestry]
  7405 | D:9      | Reached XP level 10. HP: 46/79 MP: 10/10
  7650 | D:9      | Received a gift from Trog
  7661 | D:9      | Noticed Sabsy's ghost (powerful HOCK)
  7673 | D:9      | Killed Sabsy's ghost
  7673 | D:9      | Reached skill level 9 in Axes
  7678 | D:9      | Reached skill level 5 in Dodging
  8051 | D:10     | Entered Level 10 of the Dungeon
  8369 | D:10     | Reached skill level 10 in Axes
  8534 | D:10     | Found a roughly hewn altar of Beogh.
  8558 | D:10     | Reached XP level 11. HP: 67/87 MP: 3/11
  8561 | D:10     | Noticed an orc knight
  8649 | D:10     | HP: 3/87 [orc warrior/hand axe (15)]
  8650 | D:10     | Killed an orc knight
  8651 | D:10     | Mangled by an orc warrior

Action                   |  1- 3 |  4- 6 |  7- 9 | 10-12 || total
-------------------------+-------+-------+-------+-------++-------
Melee: Hand axe          |   101 |   162 |    62 |       ||   325
       War axe           |       |       |   241 |    20 ||   261
       Battleaxe         |       |       |       |   156 ||   156
Throw: Javelin           |       |     1 |       |       ||     1
Invok: Trog's Hand       |     2 |     1 |     1 |     3 ||     7
       Berserk           |       |     1 |     2 |     2 ||     5
       Burn Spellbooks   |       |     2 |     1 |     1 ||     4
  Use: Scroll            |       |     1 |     1 |     1 ||     3
  Eat: Meat ration       |       |     2 |     1 |     1 ||     4
       Beef jerky        |       |     1 |     3 |       ||     4
       Pizza             |       |       |     1 |       ||     1
       Chunk             |       |       |     2 |     1 ||     3
